 Dungeon Crawl Stone Soup version 0.24-a0-528-g98e85ec62a (webtiles) character file.

Game seed: 6719121704996540693

54734 HELP the Unseen (level 14, -1/72 HPs)
             Began as a Spriggan Venom Mage on Aug 2, 2019.
             Was an Initiate of Gozag.
             Slain by a harpy (9 damage)
             ... summoned by Kirke
             ... on level 4 of the Lair of Beasts on Aug 5, 2019.
             The game lasted 01:51:37 (27480 turns).

HELP the Unseen (Spriggan Venom Mage)              Turns: 27480, Time: 01:51:38

Health: -1/72      AC:  3    Str:  8    XL:     14   Next: 35%
Magic:  0/32       EV: 28    Int: 31    God:    Gozag
Gold:   891        SH:  6    Dex: 14    Spells: 25/39 levels left

rFire    + + .     SeeInvis +   a - +3 rapier (elec)
rCold    + . .     Gourm    .   w - +1 buckler of Mumblety Peg {+Inv rPois rF+ Str+4}
rNeg     . . .     Faith    .   Q - +1 robe of Ywkoant {Int+7 Dex-5 Stlth+}
rPois    +         Spirit   +   (helmet restricted)
rElec    .         Reflect  .   L - scarf {rC+ rF+}
rCorr    .         Harm     .   (gloves unavailable)
MR       ++...                  (boots unavailable)
Stlth    ++++++++..             y - amulet of guardian spirit
HPRegen  0.22/turn              G - ring of stealth
MPRegen  0.23/turn              F - +5 ring of intelligence

@: gold aura, very quick
A: very small, unfitting armour, see invisible, herbivore, speed 3, slow
metabolism 2
a: Potion Petition, Call Merchant, Bribe Branch, Renounce Religion, Evoke
Invisibility


You were on level 4 of the Lair of Beasts.
You worshipped Gozag.
Gozag was pleased with you.
You were very hungry.

You visited 2 branches of the dungeon, and saw 17 of its levels.
You also visited: Ossuary.

You collected 5572 gold pieces.
You spent 1158 gold pieces at shops.
You paid 3523 gold pieces to Gozag.

Inventory:

Hand Weapons
 a - a +3 rapier of electrocution (weapon)
 b - a +0 hunting sling
 g - a +2 demon trident of electrocution
 h - a +1 dagger of holy wrath
 M - a +3 dagger of venom
Missiles
 p - 544 stones (quivered)
 z - 4 throwing nets
 H - 158 sling bullets
Armour
 w - the +1 buckler of Mumblety Peg (worn) {+Inv rPois rF+ Str+4}
   (You bought it in a shop on level 3 of the Lair of Beasts)

   It affects your strength (+4).
   It protects you from fire.
   It protects you from poison.
   It lets you turn invisible.
 L - a scarf of resistance (worn)
 Q - the +1 robe of Ywkoant (worn) {Int+7 Dex-5 Stlth+}
   (You found it on level 6 of the Dungeon)

   It affects your intelligence (+7).
   It affects your dexterity (-5).
   It makes you more stealthy.
Jewellery
 n - an uncursed ring of flight
 y - an amulet of guardian spirit (around neck)
 C - an uncursed ring of protection from cold
 F - a +5 ring of intelligence (right hand)
 G - a ring of stealth (left hand)
 O - a +3 ring of evasion
Wands
 d - a wand of polymorph (14)
 x - a wand of iceblast (29)
 J - a wand of random effects (19)
 S - a wand of disintegration (28)
 W - a wand of paralysis (27)
 Y - a wand of flame (17)
 Z - a wand of acid (20)
Scrolls
 e - 10 scrolls of teleportation
 i - 2 scrolls of amnesia
 j - 7 scrolls of enchant weapon
 k - 19 scrolls of identify
 l - 4 scrolls of magic mapping
 o - 5 scrolls of enchant armour
 q - a scroll of blinking
 r - 7 scrolls of remove curse
 D - 2 scrolls of fear
 N - 2 scrolls of summoning
 P - 2 scrolls of fog
Potions
 f - 8 potions of curing
 m - 6 potions of heal wounds
 s - 3 potions of might
 t - 5 potions of haste
 u - a potion of resistance
 v - a potion of agility
 A - a potion of berserk rage
 K - 2 potions of brilliance
Comestibles
 c - 37 rations


   Skills:
 * Level 7.6 Fighting
 - Level 8.0 Short Blades
 + Level 14.7 Dodging
 + Level 16.0 Stealth
 + Level 13.0 Spellcasting
 - Level 1.5 Conjurations
 + Level 14.1 Hexes
 - Level 1.5 Air Magic
 - Level 4.4 Poison Magic


You had 25 spell levels left.
You knew the following spells:

 Your Spells              Type           Power        Failure   Level  Hunger
a - Sting                 Conj/Pois      ####         1%          1    None
b - Tukima's Dance        Hex            #######.     1%          3    None
c - Confuse               Hex            #######.     1%          3    None
d - Mephitic Cloud        Conj/Pois/Air  #####...     4%          3    None
x - Ensorcelled Hibernat  Hex/Ice        ######       1%          2    None
z - Poisonous Vapours     Pois/Air       #####.       1%          2    None

Your spell library contained the following spells:

 Spells                   Type           Power        Failure   Level  Hunger
 Corona                   Hex            #######      0%          1    None
 Dazzling Spray           Conj/Hex       ######       1%          3    None
 Leda's Liquefaction      Hex/Erth       ######....   2%          4    None
 Animate Skeleton         Necr           N/A          4%          1    None
 Pain                     Necr           ###.         4%          1    None
 Olgreb's Toxic Radiance  Pois           #####...     6%          4    None
 Regeneration             Chrm/Necr      ###.......   12%         3    None
 Vampiric Draining        Necr           ###.......   12%         3    None
 Venom Bolt               Conj/Pois      #####.....   32%         5    None
 Animate Dead             Necr           N/A          36%         4    None
 Bolt of Magma            Conj/Fire/Erth ###.......   65%         5    None
 Iron Shot                Conj/Erth      ####......   99%         6    ####...
 Statue Form              Tmut/Erth      ###......    99%         6    ####...
 Shatter                  Erth           ###.......   100%        9    #######


Dungeon Overview and Level Annotations

Branches:
Dungeon (13/15)            Temple (0/1) D:5            Lair (4/6) D:9
 Shoals (0/4) Lair:4        Snake (0/4) Lair:3          Orc (0/2) D:11
 Vaults (0/5) D:13

Altars:
Ashenzari
Gozag
Okawaru
Trog
Yredelemnul

Shops:
D:5 !   D:6 *   D:8 [   D:10 [%   Lair:1 [   Lair:3 [

Annotations:
Lair:4 Kirke


Innate Abilities, Weirdness & Mutations

You are very small and have problems with some larger weapons.
You are too small for most types of armour.
You have supernaturally acute eyesight. (SInv)
You are a herbivore.
You cover ground extremely quickly.
You need to consume almost no food.


Message History

You hit Kirke.
Kirke is lightly wounded.
The harpy claws you but does no damage. The harpy closely misses you.
The harpy misses you. The harpy completely misses you.
The harpy barely misses you. x2; The hog misses you.
You hit Kirke.
Kirke is lightly wounded.
The harpy completely misses you. You block the harpy's attack.
The harpy completely misses you. You block the harpy's attack.
The harpy completely misses you. You block the harpy's attack.
The hog misses you. The manticore misses you.
The manticore completely misses you. The manticore misses you.
The harpy completely misses you. The harpy claws you!
* * * LOW HITPOINT WARNING * * *
You block the harpy's attack. The harpy closely misses you.
You block the harpy's attack. The harpy completely misses you.
Kirke completely misses you. The harpy claws you!
You die...
Your body crumbles into a pile of gold.

######### #.......# #####
.........## ####.#.# ##
#............####.##...##.###
...........................P#
.................H...........
................@@...$.....h.
..............$.H............
.............#..HhH..........
............####.............
.............# #............@
............###..............
#..........###.............D.
##.........####..............
#.....#P...###..............


You could see Kirke (confused), a manticore, 3 harpies and a hog.

Vanquished Creatures
  Josephine (D:12)
  An ogre mage (D:11)
  A vault guard (D:13)
  A hell beast (D:12)
  5 hydras
  A centaur warrior (D:13)
  Erica (D:8)
  2 two-headed ogres (D:11)
  An unseen horror (D:11)
  3 oklob plants (Lair:2)
  3 manticores
  2 deep elf magi
  An ugly thing (D:11)
  26 elephants
  Joseph (D:7)
  2 cyclopes
  Maurice (D:9)
  6 black mambas
  A molten gargoyle (Lair:4)
  A gargoyle (D:11)
  4 centaur skeletons
  8 spiny frogs
  3 komodo dragons
  A red devil (D:12)
  4 trolls
  2 hornets
  A queen bee (Lair:1)
  Prince Ribbit (D:5)
  10 slime creatures
  A snapping turtle (Lair:4)
  5 hippogriffs
  A spriggan (Lair:3)
  A vampire (D:13)
  A shadow (D:11)
  5 wraiths
  A wyvern (Lair:2)
  11 humans
  29 yaks
  A basilisk (D:12)
  Grum (D:9)
  5 hogs
  2 steam dragons
  3 vampire mosquitoes (D:13)
  3 hungry ghosts
  Menkaure (D:7)
  3 wargs (D:11)
  An acid dragon (D:12)
  A soldier ant (D:10)
  8 water moccasins
  10 porcupines
  Duvessa (D:7)
  2 ice beasts
  10 orc warriors
  2 sky beasts
  An eye of draining (D:9)
  2 phantoms
  14 ogres
  A black bear (Lair:2)
  3 necrophages
  16 wolves
  5 centaurs
  9 crocodiles
  2 big kobolds
  13 bullfrogs
  An elf zombie (Ossuary)
  3 wyvern zombies
  Dowan (D:7)
  2 scorpions
  27 killer bees
  4 wights (D:13)
  4 electric eels
  5 crimson imps
  4 lava snakes (Lair:4)
  2 quasits (D:8)
  2 centaur zombies
  A bullfrog zombie (D:5)
  5 hounds
  4 orc priests
  An iron imp (D:12)
  A jelly (D:6)
  2 bullfrog skeletons
  2 iguanas
  12 orc wizards
  5 worker ants
  A hound zombie (D:8)
  4 mummies
  A hound skeleton (D:4)
  8 gnolls
  A howler monkey skeleton (D:4)
  15 adders
  2 shadow imps
  An ooze (D:1)
  2 adder zombies
  5 worms
  3 dart slugs
  6 leopard geckos
  39 orcs
  3 giant cockroaches
  5 goblins
  5 hobgoblins
  15 jackals
  23 kobolds
  5 quokkas
  2 ball pythons
  13 bats
  6 goblin zombies (Ossuary)
  A hobgoblin zombie (Ossuary)
  A quokka skeleton (D:5)
  A quokka zombie (D:7)
  9 rats
  2 plants
537 creatures vanquished.

Vanquished Creatures (collateral kills)
  2 humans (D:13)
  2 killer bees (Lair:1)
  A fungus (D:7)
5 creatures vanquished.

Vanquished Creatures (others)
  A human (D:13)
  A killer bee (Lair:1)
  A bush (Lair:4)
  76 fungi
  32 plants
111 creatures vanquished.

Grand Total: 653 creatures vanquished

Notes
Turn   | Place    | Note
-------+----------+-------------------------------------------
     0 | D:1      | HELP the Spriggan Venom Mage began the quest for the Orb.
     0 | D:1      | Reached XP level 1. HP: 9/9 MP: 5/5
   287 | D:1      | Reached XP level 2. HP: 13/13 MP: 2/6
   291 | D:1      | Learned a level 2 spell: Poisonous Vapours
   703 | D:1      | Reached XP level 3. HP: 15/16 MP: 3/8
   708 | D:1      | Learned a level 3 spell: Mephitic Cloud
  1508 | D:2      | Reached skill level 1 in Air Magic
  1664 | D:2      | Reached skill level 1 in Conjurations
  1725 | D:2      | Reached XP level 4. HP: 21/21 MP: 6/9
  2227 | D:2      | Found an opulent altar of Gozag.
  2232 | D:2      | Became a worshipper of Gozag Ym Sagoz the Greedy
  2505 | D:3      | Found a bloodstained altar of Trog.
  2593 | D:3      | Reached skill level 4 in Stealth
  3333 | D:4      | Reached XP level 5. HP: 24/24 MP: 11/11
  3337 | D:4      | Learned a level 2 spell: Ensorcelled Hibernation
  3699 | D:4      | Noticed an ogre
  3702 | D:4      | Noticed an ogre
  3712 | D:4      | Killed an ogre
  3712 | D:4      | Reached skill level 1 in Hexes
  3727 | D:4      | Killed an ogre
  3727 | D:4      | Reached XP level 6. HP: 2/28 MP: 1/13
  4092 | D:4      | Reached skill level 5 in Stealth
  4228 | D:4      | Learned a level 3 spell: Confuse
  4703 | D:5      | Entered Level 5 of the Dungeon
  5151 | D:5      | Found a staircase to the Ecumenical Temple.
  5167 | D:5      | Reached XP level 7. HP: 32/32 MP: 12/15
  5229 | D:5      | Reached skill level 5 in Spellcasting
  5285 | D:5      | Noticed Prince Ribbit
  5306 | D:5      | Killed Prince Ribbit
  5306 | D:5      | Reached skill level 5 in Dodging
  5306 | D:5      | Reached skill level 6 in Stealth
  5330 | D:5      | Reached skill level 5 in Hexes
  5546 | D:5      | Found Cykial's Distillery.
  5549 | D:5      | Bought a potion of curing for 39 gold pieces
  5549 | D:5      | Bought a potion of degeneration for 13 gold pieces
  5549 | D:5      | Bought a potion of mutation for 104 gold pieces
  5549 | D:5      | Bought a potion of heal wounds for 65 gold pieces
  5593 | D:5      | Reached XP level 8. HP: 20/36 MP: 14/17
  6219 | D:5      | Reached skill level 7 in Stealth
  6464 | D:6      | Found Futujeph's Assorted Antiques.
  6576 | D:6      | Bought a glowing cloak for 165 gold pieces
  6605 | D:6      | Found a sand-covered staircase.
  6616 | Ossuary  | Entered an ossuary
  7204 | D:6      | Reached skill level 8 in Stealth
  7490 | D:6      | Got a faintly humming robe
  7501 | D:6      | Identified the +1 robe of Ywkoant {Int+7 Dex-5 Stlth+} (You
                  | found it on level 6 of the Dungeon)
  7949 | D:6      | Reached XP level 9. HP: 39/39 MP: 18/20
  7963 | D:6      | Reached skill level 1 in Short Blades
  8381 | D:7      | Noticed Dowan
  8383 | D:7      | Noticed Duvessa
  8391 | D:7      | Killed Dowan
  8405 | D:7      | Killed Duvessa
  8934 | D:7      | Noticed Menkaure
  8939 | D:7      | Killed Menkaure
  8991 | D:7      | Reached skill level 9 in Stealth
  9178 | D:7      | Noticed Joseph
  9200 | D:7      | Killed Joseph
  9755 | D:7      | Found a shattered altar of Ashenzari.
 10255 | D:8      | Reached XP level 10. HP: 44/44 MP: 21/23
 10427 | D:8      | Reached skill level 10 in Stealth
 10828 | D:8      | Noticed Erica
 11151 | D:8      | Killed Erica
 11151 | D:8      | Reached skill level 10 in Hexes
 11764 | D:9      | Found a staircase to the Lair.
 11856 | D:9      | Noticed Maurice
 11887 | D:9      | Killed Maurice
 12014 | D:9      | Reached skill level 5 in Short Blades
 12035 | D:9      | Noticed Grum
 12039 | D:9      | Killed Grum
 12039 | D:9      | Reached skill level 10 in Dodging
 12039 | D:9      | Reached skill level 11 in Stealth
 12380 | D:9      | Found an iron altar of Okawaru.
 12624 | D:9      | Noticed a cyclops
 12641 | D:9      | Killed a cyclops
 12905 | D:10     | Entered Level 10 of the Dungeon
 12949 | D:10     | Reached XP level 11. HP: 46/46 MP: 25/25
 13642 | D:10     | Found Owoinouch's Food Boutique.
 14508 | D:11     | Reached skill level 12 in Stealth
 14513 | D:11     | Noticed a two-headed ogre
 14513 | D:11     | Noticed a purple ugly thing
 14516 | D:11     | Noticed an ogre mage
 14518 | D:11     | Killed a purple ugly thing
 14524 | D:11     | Killed an ogre mage
 14524 | D:11     | Noticed a two-headed ogre
 14527 | D:11     | Killed a two-headed ogre
 14527 | D:11     | Reached skill level 10 in Spellcasting
 14536 | D:11     | Killed a two-headed ogre
 15181 | D:11     | Found a staircase to the Orcish Mines.
 15692 | D:11     | Noticed a four-headed hydra
 15697 | D:11     | Killed a four-headed hydra
 15697 | D:11     | Reached skill level 13 in Stealth
 15697 | D:11     | Reached XP level 12. HP: 50/50 MP: 27/27
 16005 | D:12     | Found a basalt altar of Yredelemnul.
 16009 | D:12     | Noticed a hell beast
 16594 | D:11     | Found a staircase to the Orcish Mines.
 17413 | D:12     | Killed a hell beast
 17413 | D:12     | Reached skill level 1 in Fighting
 17439 | D:12     | Noticed Josephine
 17452 | D:12     | Killed Josephine
 17897 | D:12     | Learned a level 3 spell: Tukima's Dance
 18543 | D:13     | Reached skill level 14 in Stealth
 18553 | D:13     | Noticed a centaur warrior
 19179 | D:13     | Killed a centaur warrior
 19340 | D:13     | Noticed a vault guard
 19372 | D:13     | Killed a vault guard
 19401 | D:13     | Reached XP level 13. HP: 40/60 MP: 11/29
 19765 | D:13     | Found a gate to the Vaults.
 20497 | Lair:1   | Entered Level 1 of the Lair of Beasts
 21589 | Lair:1   | Bought a scarf of resistance for 352 gold pieces
 22132 | Lair:2   | Reached skill level 5 in Fighting
 22629 | Lair:2   | Found a basalt altar of Yredelemnul.
 22634 | Lair:2   | Reached skill level 15 in Stealth
 25228 | Lair:3   | Found a staircase to the Snake Pit.
 25238 | Lair:3   | Reached XP level 14. HP: 56/70 MP: 12/31
 25573 | Lair:3   | Bought a faintly humming buckler for 228 gold pieces
 25578 | Lair:3   | Identified the +1 buckler of Mumblety Peg {+Inv rPois rF+
                  | Str+4} (You bought it in a shop on level 3 of the Lair of
                  | Beasts)
 25587 | Lair:3   | Bought a runed scarf for 192 gold pieces
 26669 | Lair:4   | Upgraded the game from 0.24-a0-525-g9231cdcba1 to
                  | 0.24-a0-528-g98e85ec62a
 27036 | Lair:4   | Found a staircase to the Shoals.
 27338 | Lair:4   | Noticed Kirke
 27367 | Lair:4   | Reached skill level 16 in Stealth
 27480 | Lair:4   | Slain by a harpy

Levels and vault maps discovered:
D:1:      giann_bridges, layout_loops_ring, minmay_misc_feat_five,
          due_unseen_surprise
D:2:      layout_loops_ring, nicolae_gozag_cash_rules_everything_around_me
D:3:      layout_basic, bloody_trog, minmay_misc_feat_square
D:4:      layout_basic, first_ration
D:5:      layout_cave_pools, minmay_temple_entry_butterflies, serial_shops,
          nicolae_shop_window_shopping, uniq_prince_ribbit1
D:6:      layout_loops_corners, gup_ossuary_entry_pyramid, serial_shops,
          nicolae_shop_temple_entry_statues_fountains, kennysheep_doodads
D:7:      kennysheep_steamy, layout_gridville, grunt_livestock,
          ashenzari_altar_1, uniq_menkaure, uniq_joseph, uniq_duvessa
D:8:      layout_loops_ring, uniq_erica
D:9:      layout_loops_corners, david_lair_shrubbed, columned_hall_lemuel,
          okawaru_humans, uniq_grum, uniq_maurice
D:10:     layout_loops_ring, serial_shops, shop, minmay_orc_keep
D:11:     layout_loops_ring, david_orc_1_choice, eino_tiny_chamber,
          kennysheep_generic_room_16
D:12:     layout_cave_pods, lemuel_hellish_altar, uniq_josephine
D:13:     layout_long_grid, ximxim_vaults_locker_room
Lair:1:   layout_gridlike, special_room [special_room_bee], grunt_megastairs_5
Lair:2:   layout_small_grid, basic_altar, beast_lair_carwin_10,
          lemuel_fruit_tree, grunt_megastairs_1, serial_bayou_shore_a,
          infiniplex_staircase_pool, minmay_lair_oklob_chamber
Lair:3:   mu_elephants_graveyard, layout_regular_city,
          minmay_snake_entry_six_corridors
Lair:4:   cheibrodos_magma_flow, layout_cave_pods, minmay_shoals_entry_hut,
          serial_bayou_shore_b, uniq_kirke

Skill      XL: |  1  2  3  4  5  6  7  8  9 10 11 12 13 14 |
---------------+-------------------------------------------+-----
Spellcasting   | 3 4 5 6 8 9 10 11 12 13 | 13.0
Air Magic      | 1 |  1.5
Conjurations   | 1 |  1.5
Stealth        | 4 5 6 8 9 11 13 14 15 16 | 16.0
Poison Magic   | 4 |  4.4
Hexes          | 2 3 5 7 9 11 12 13 14 | 14.1
Dodging        | 4 5 7 8 10 11 13 14 | 14.7
Short Blades   | 3 5 7 8 |  8.0
Fighting       | 3 6 7 |  7.6

Action                   |  1- 3 |  4- 6 |  7- 9 | 10-12 | 13-15 || total
-------------------------+-------+-------+-------+-------+-------++-------
Melee: Unarmed           |    21 |       |       |       |       ||    21
       Club              |     6 |       |       |       |       ||     6
       Whip              |    53 |       |       |       |       ||    53
       Dagger            |     2 |   105 |   262 |   304 |   106 ||   779
       Rapier            |       |       |       |   346 |   410 ||   756
 Cast: Sting             |    43 |    29 |    14 |     4 |     2 ||    92
       Poisonous Vapours |    17 |    10 |    24 |    14 |    19 ||    84
       Mephitic Cloud    |       |     2 |    14 |    13 |    30 ||    59
       Confuse           |       |    12 |    23 |    73 |    33 ||   141
       Ensorcelled Hiber |       |       |     4 |    55 |    90 ||   149
       Tukima's Dance    |       |       |       |     2 |     1 ||     3
Invok: Call Merchant     |       |       |       |     2 |     2 ||     4
  Use: Scroll            |       |       |     4 |    16 |       ||    20
       Potion            |       |       |       |     8 |     3 ||    11
 Stab: Sleeping          |     3 |    12 |    16 |    75 |    75 ||   181
       Confused          |       |     5 |    24 |    66 |    64 ||   159
       Distracted        |       |       |       |     3 |     4 ||     7
  Eat: Ration            |       |     2 |     2 |     5 |     4 ||    13
Armor: Robe              |     4 |     3 |    18 |    34 |    22 ||    81
Dodge: Dodged            |    81 |    71 |   175 |   475 |   507 ||  1309
Block: Buckler           |       |       |       |       |    30 ||    30

Table legend:
 A = Non-vault XP
 B = Vault XP
 C = Vault XP percentage of total XP
 D = Non-vault monster count
 E = Vault monster count
 F = Vault count percentage of total count
                 A         B        C        D         E       F
            +---------+---------+-------+---------+---------+-------
      Total |   48668 |   29524 |  37.8 |     395 |     145 |  26.9
            +---------+---------+-------+---------+---------+-------
        D:1 |      68 |       0 |   0.0 |      35 |       0 |   0.0
        D:2 |      58 |       0 |   0.0 |      15 |       0 |   0.0
        D:3 |      54 |       0 |   0.0 |      19 |       0 |   0.0
        D:4 |     441 |       0 |   0.0 |      16 |       0 |   0.0
        D:5 |     773 |     268 |  25.7 |      15 |       1 |   6.2
        D:6 |     899 |      21 |   2.3 |      19 |       1 |   5.0
        D:7 |     667 |    1806 |  73.0 |      16 |      10 |  38.5
        D:8 |    1047 |     912 |  46.6 |      19 |       1 |   5.0
        D:9 |    1806 |    1776 |  49.6 |      19 |       8 |  29.6
       D:10 |    3035 |     330 |   9.8 |      34 |       9 |  20.9
       D:11 |    7937 |     923 |  10.4 |      30 |       9 |  23.1
       D:12 |    4951 |    3195 |  39.2 |      33 |       8 |  19.5
       D:13 |    5642 |    2683 |  32.2 |      35 |      11 |  23.9
     Lair:1 |    2737 |    1558 |  36.3 |       9 |      26 |  74.3
     Lair:2 |    5148 |    5685 |  52.5 |      28 |      14 |  33.3
     Lair:3 |    6097 |    8422 |  58.0 |      25 |      25 |  50.0
     Lair:4 |    7308 |    1584 |  17.8 |      28 |      10 |  26.3
    Ossuary |       0 |     361 | 100.0 |       0 |      12 | 100.0
            +---------+---------+-------+---------+---------+-------
